 Dungeon Crawl Stone Soup version 0.31-a0-810-ga77100ea1a (webtiles) character file.

Game seed: 4825369138694481138

3843 lunkers the Geomancer (level 9, 0/74 (78) HPs)
             Began as a Meteoran Wanderer on Sept 21, 2023.
             Was a Follower of Ru.
             Slain by a wight
             ... wielding a +3 trident
              (1 damage)
             ... on level 8 of the Dungeon.
             The game lasted 00:11:13 (4368 turns).

lunkers the Geomancer (Meteoran Wanderer)           Turns: 4368, Time: 00:11:14

HP:   0/74 (78)     AC:  8    Str: 14    XL:     9   Next: 68%
MP:   17/19         EV: 13    Int: 21    God:    Ru [*.....]
Gold: 1358          SH:  0    Dex: 11    Spells: 16/21 levels left

rFire   . . .        a - +5 scimitar
rCold   . . .        (no shield)
rNeg    . . .        H - +0 acid dragon scales
rPois   +            E - +0 helmet
rElec   .            j - +0 cloak
rCorr   +            (no gloves)
SInv    .            (no boots)
Will    +....        D - amulet of magic regeneration
Stlth   +            s - ring of poison resistance
HPRegen 0.32/turn    (no ring)
MPRegen 0.56/turn

%: no passive effects
@: glowing, drained
A: sense surroundings 2, inexperienced 1, otherworldly, glowing, explore regen,
no forms
a: Renounce Religion


You were on level 8 of the Dungeon.
You worshipped Ru.
Ru was aware of your devotion.
You visited 1 branch of the dungeon, and saw 9 of its levels.
You also visited: Sewer.

You collected 1566 gold pieces.
You spent 208 gold pieces at shops.

Inventory:

Hand Weapons
 a - a +5 scimitar (weapon)
 o - a +0 club of protection
 q - a +1 whip of electrocution
 y - a +3 quarterstaff of chaos
Armour
 c - a +0 robe
 j - a +0 cloak (worn)
 t - a +2 robe
 z - a +0 cloak
 E - a +0 helmet (worn)
 H - +0 acid dragon scales (worn)
Magical Staves
 g - a staff of poison
Jewellery
 s - a ring of poison resistance (left hand)
 D - an amulet of magic regeneration (around neck)
 J - a +6 ring of intelligence
Wands
 d - a wand of polymorph (7)
 l - a wand of iceblast (17)
 v - a wand of flame (6)
Scrolls
 f - 2 scrolls of poison
 i - 2 scrolls of fear
 n - 2 scrolls of brand weapon
 u - a scroll of vulnerability
 x - 2 scrolls of blinking
 A - a scroll of teleportation
 B - 2 scrolls of noise
 C - a scroll of enchant weapon
 F - a scroll of silence
 G - a scroll of revelation
Potions
 b - a potion of heal wounds
 e - a potion of enlightenment
 h - a potion of brilliance
 k - 2 potions of mutation {unknown}
 m - a potion of curing
 p - a potion of magic {unknown}
 r - a potion of attraction {unknown}
 w - a potion of ambrosia {unknown}
 I - a potion of lignification {unknown}


   Skills:
 * Level 6.5 Fighting
 - Level 1.1 Armour
 * Level 6.5 Dodging
 - Level 6.5 Spellcasting
 - Level 7.7 Conjurations
 - Level 1.2 Hexes
 - Level 11.0 Earth Magic
 - Level 2.4 Evocations


You had 16 spell levels left.
You knew the following spells:

 Your Spells              Type           Power      Damage    Failure   Level
a - Sandblast             Erth           100%       2d20      1%          1
b - Brom's Barrelling Bo  Conj/Erth      46%        2d6       2%          4

Your spell library contained the following spells:

 Spells                   Type           Power      Damage    Failure   Level
 Passwall                 Tmut/Erth      24%        N/A       1%          2
 Jinxbite                 Hex            22%        N/A       12%         2
 Apportation              Tloc           12%        N/A       13%         1
 Necrotise                Necr           24%        1d5       13%         1
 Summon Small Mammal      Summ           24%        N/A       13%         1
 Ensorcelled Hibernation  Hex/Ice        18%        N/A       16%         2


Dungeon Overview and Level Annotations

Branches:
Dungeon (9/15) Zot: 1112   Temple (0/1) D:4            Lair (0/5) D:8
  Sewer (visited)
    Orc: D:9-12

Altars:
Cheibriados
Elyvilon
Gozag
Ru
Trog
Vehumet
Xom
Zin

Shops:
D:5 *   D:9 *


Innate Abilities, Weirdness & Mutations

You passively map the area around you.
You are somewhat inexperienced. (-1 XL)
You are easily found by Zot.
You glow in the dark.
You regain HP and MP as you explore.
You cannot voluntarily change form.


Message History

Press: ? - help, Q - select action, (/) - cycle Shift-Dir - straight line, f/p - wight
Aim: a wight, wielding a +2 flail of protection and wearing a +0 robe (heavily damaged, 85% to hit)
The blast of sand hits the wight.
The wight is severely damaged.
The bullfrog hits you but does no damage.
The wight barely misses you.
The bullfrog hits you but does no damage.
The wight barely misses you. The wight closely misses you.
The bullfrog closely misses you.
Unknown command.
Aiming: Sandblast (safe; 1% risk of failure)
Press: ? - help, Q - select action, (/) - cycle Shift-Dir - straight line, f/p - wight
Aim: a wight, wielding a +2 flail of protection and wearing a +0 robe (severely damaged, 85% to hit)
The blast of sand hits the wight but does no damage.
The wight is severely damaged.
The bullfrog misses you.
The wight hits you with a +2 flail of protection.
* * * LOW HITPOINT WARNING * * *
The wight hits you from afar with a +3 trident!
* * * LOW HITPOINT WARNING * * *
You feel drained.
* * * LOW HITPOINT WARNING * * *
The bullfrog closely misses you.
The wight hits you with a +2 flail of protection.
* * * LOW HITPOINT WARNING * * *
Unknown command.
Aiming: Sandblast (safe; 1% risk of failure)
Press: ? - help, Q - select action, (/) - cycle Shift-Dir - straight line, f/p - wight
Aim: a wight, wielding a +2 flail of protection and wearing a +0 robe (severely damaged, 85% to hit)
The blast of sand hits the wight but does no damage.
The wight is severely damaged.
The bullfrog hits you but does no damage.
The wight hits you from afar with a +3 trident!
* * * LOW HITPOINT WARNING * * *
You redirect the wight's attack!
The wight barely misses the bullfrog.
The bullfrog closely misses you.
The wight hits you from afar with a +3 trident.
* * * LOW HITPOINT WARNING * * *
You feel drained.
You die...

,. .## ##.....##
##.. , .. .
##†....# ##. , , #
##.....## ## * **
*###.....P### # ,
, , #...P..P..P# ,
##.......P..##
,#..PPPPPP....# *
** , *
..P.PP......P## *
.P...P.z@PP..P# ,
*,, * *
..PP.P.F).PP..##
,, ,* ,
*,.PP.P.)szP.PP..#
*
...PP.PP...PP...#
,, , **
....PP.P.P.PP.P.#
,, ,, *
.PPP..P>PPP.P...#
* ,* *
.....PP..P.PPP..
,,
.P.....PP.....P. ,
*
.....PPP.PP.P...*
, *


You could see a bullfrog, a scorpion and 2 wights.

Vanquished Creatures
  Sigmund (D:5)
  A wraith (D:9)
  A steam dragon (D:9)
  A yak (D:8)
  An acid dragon (D:9)
  A water moccasin (D:8)
  An orc warrior (D:7)
  An ice beast (D:6)
  3 black bears
  A phantom (D:5)
  A centaur (D:7)
  2 kobold brigands (D:9)
  7 bullfrogs
  5 scorpions
  10 wights
  3 howler monkeys (D:9)
  5 hounds
  2 gnoll boudas
  Crazy Yiuf (D:5)
  2 orc priests
  A sleepcap (D:6)
  Ijyb (D:5)
  3 iguanas
  4 orc wizards
  14 gnolls
  9 adders
  A white imp (D:8)
  An ufetubus (D:6)
  A worm (D:3)
  3 dart slugs
  31 orcs
  22 endoplasms
  12 giant cockroaches
  3 goblins
  13 hobgoblins
  11 kobolds
  6 quokkas
  11 ball pythons
  5 bats
  11 frilled lizards
  8 rats
221 creatures vanquished.

Notes
Turn   | Place    | Note
-------+----------+-------------------------------------------
     0 | D:1      | lunkers the Meteoran Wanderer began the quest for the Orb.
     0 | D:1      | lunkers set off with the following items: a +0 club, a
                  | potion of heal wounds, a +0 robe, a wand of polymorph (7);
                  | and the following spell memorised: Sandblast; and the
                  | following spells available to memorise: Passwall, Jinxbite,
                  | Ensorcelled Hibernation, Brom's Barrelling Boulder.
     0 | D:1      | Reached XP level 1. HP: 14/14 MP: 3/3
    54 | D:1      | Reached XP level 2. HP: 20/20 MP: 2/5
   201 | D:1      | Found a faded altar of an unknown god.
   210 | D:1      | Reached XP level 3. HP: 26/26 MP: 4/7
   486 | D:1      | Glimpsed the power of Zot.
   709 | D:2      | Reached XP level 4. HP: 33/33 MP: 5/9
   712 | D:2      | Reached skill level 7 in Earth Magic
   722 | D:2      | Reached XP level 5. HP: 24/38 MP: 1/10
   831 | D:2      | Learned a level 4 spell: Brom's Barrelling Boulder
  1070 | D:2      | Glimpsed the power of Zot.
  1097 | D:3      | Reached skill level 1 in Conjurations
  1097 | D:3      | Reached XP level 6. HP: 45/45 MP: 5/12
  1115 | D:3      | Found a shimmering altar of Xom.
  1120 | D:3      | Found a glowing silver altar of Zin.
  1123 | D:3      | Found a sacrificial altar of Ru.
  1126 | D:3      | Found a snail-covered altar of Cheibriados.
  1161 | D:3      | Became a worshipper of Ru the Awakened
  1349 | D:3      | Found a radiant altar of Vehumet.
  1517 | D:3      | Found a glowing drain.
  1521 | Sewer    | Entered a sewer
  1554 | Sewer    | Reached skill level 8 in Earth Magic
  1711 | Sewer    | Reached XP level 7. HP: 48/50 MP: 10/14
  1833 | D:3      | Gained mutation: You are somewhat inexperienced. (-1 XL)
                  | [Ru sacrifice]
  1833 | D:3      | Reached XP level 6. HP: 45/45 MP: 13/13
  1833 | D:3      | Reached * piety under Ru
  2021 | D:4      | Found a staircase to the Ecumenical Temple.
  2195 | D:4      | Reached skill level 9 in Earth Magic
  2195 | D:4      | Reached XP level 7. HP: 50/50 MP: 12/15
  2215 | D:5      | Entered Level 5 of the Dungeon
  2238 | D:5      | Reached skill level 5 in Spellcasting
  2238 | D:5      | Reached skill level 5 in Conjurations
  2305 | D:5      | Found Paczug's Assorted Antiques.
  2352 | D:5      | Noticed Ijyb
  2357 | D:5      | Killed Ijyb
  2639 | D:5      | Reached skill level 10 in Earth Magic
  2657 | D:5      | Found a white marble altar of Elyvilon.
  2682 | D:5      | Reached XP level 8. HP: 57/57 MP: 13/17
  2710 | D:5      | Noticed Sigmund
  2716 | D:5      | Killed Sigmund
  2727 | D:5      | Found a runed translucent door.
  2756 | D:5      | Noticed Crazy Yiuf
  2763 | D:5      | Killed Crazy Yiuf
  3344 | D:6      | Reached skill level 11 in Earth Magic
  3449 | D:7      | Reached skill level 1 in Fighting
  3449 | D:7      | Reached skill level 1 in Dodging
  3499 | D:7      | Found an opulent altar of Gozag.
  3577 | D:7      | Gained mutation: You cannot voluntarily change form. [Ru
                  | sacrifice]
  3678 | D:7      | Gained mutation: You passively map the area around you.
                  | [Meteoran growth]
  3678 | D:7      | Reached XP level 9. HP: 70/70 MP: 16/19
  3734 | D:7      | Found a bloodstained altar of Trog.
  3942 | D:9      | Found Hidd's CLEARANCE SALE!.
  3951 | D:9      | Bought a scroll of acquirement for 208 gold pieces
  3951 | D:9      | Acquired 1035 gold pieces
  4043 | D:9      | Reached skill level 5 in Fighting
  4043 | D:9      | Reached skill level 5 in Dodging
  4346 | D:8      | Found a staircase to the Lair.
  4368 | D:8      | HP: 1/75 [wight/+3 trident (6)]
  4368 | D:8      | Slain by a wight

Illustrated notes

Levels and vault maps discovered:
D:1:      mrwooster_arrival_statue_2, layout_loops_ring,
          shapermc_ecumenical_altar_gd
D:2:      layout_basic
D:3:      layout_basic, vehumet_altar_wand_db, grunt_temple_overflow_cloverleaf,
          gup_sewer_entry_bowl, kennysheep_path_1
D:4:      layout_basic, minmay_temple_entry_grid, minmay_misc_feat_five,
          grunt_ministairs_11
D:5:      layout_loops_ring, elyvilon_altar_3, serial_shops,
          nicolae_shop_crystal, uniq_crazy_yiuf_cottage, uniq_ijyb, uniq_sigmund
D:6:      nicolae_cairo_tiling_large_dashed, layout_basic, serial_bayou_pond_e
D:7:      layout_rooms, kennysheep_mini_moat, grunt_gozag_breadcrumbs,
          trog_ov_bears_minmay, uniq_menkaure
D:8:      kennysheep_windowed_halls, layout_cave_pods, lemuel_tele_altar,
          due_lair_maze_entry_diamond, pf_guarded_unrand_woodcutter
D:9:      layout_gridville, nicolae_shop_clearance

Skill      XL: |  1  2  3  4  5  6  7  8  9 |
---------------+----------------------------+-----
Spellcasting   | 2 3 4 5 6 |  6.5
Earth Magic    | 7 9 10 11 | 11.0
Conjurations   | 1 4 6 7 |  7.7
Fighting       | 3 6 |  6.5
Dodging        | 3 6 |  6.5
Armour         | |  1.1
Hexes          | |  1.2
Evocations     | |  2.4

Action                     |  1- 3 |  4- 6 |  7- 9 || total
---------------------------+-------+-------+-------++-------
  Melee: Club              |       |     4 |       ||     4
         Whip              |       |     5 |       ||     5
         Scimitar          |       |       |     2 ||     2
   Cast: Sandblast         |    39 |   135 |   191 ||   365
 Invoke: Sacrifice Experie |       |     1 |       ||     1
         Sacrifice Forms   |       |       |     1 ||     1
    Use: Scroll            |       |       |    15 ||    15
 Armour: Robe              |       |    32 |    84 ||   116
         Acid dragon scale |       |       |    32 ||    32
         Skin              |       |       |     5 ||     5
  Dodge: Dodged            |     2 |    30 |    71 ||   103

Table legend: (Time is in decaauts)
 A = Elapsed time spent in this place.
 B = Non-inter-level travel time spent in this place.
 C = Inter-level travel time spent in this place.
 D = Time resting spent in this place.
 E = Time spent auto-exploring this place.
 F = Levels seen in this place.
 G = Mean time per level.
                   A        B        C        D        E       F      G
               +--------+--------+--------+--------+--------+-----+--------+
         Total |   4631 |   4502 |    129 |     22 |   3117 |  10 |  463.1 |
       Dungeon |   4285 |   4156 |    129 |      0 |   2980 |   9 |  476.1 |
         Sewer |    345 |    345 |      0 |     22 |    136 |   1 |  345.0 |
               +--------+--------+--------+--------+--------+-----+--------+

Top non-repeatable levels by time:
     D:6: 653 daAuts
     D:2: 604 daAuts
     D:5: 604 daAuts
     D:3: 567 daAuts
     D:1: 514 daAuts
     D:9: 394 daAuts
     D:7: 373 daAuts
   Sewer: 345 daAuts
     D:4: 336 daAuts
     D:8: 235 daAuts
